 Dungeon Crawl Stone Soup version 0.18.1-50-g88ac8fd (webtiles) character file.

437 tyranidshit the Skirmisher (level 6, -7/56 HPs)
             Began as a Demonspawn Abyssal Knight on Oct 24, 2016.
             Was a Priest of Lugonu.
             Killed by divine providence
             ... invoked by an orc priest
              (9 damage)
             ... on level 4 of the Dungeon.
             The game lasted 00:09:23 (2306 turns).

tyranidshit the Skirmisher (DsAK)                   Turns: 2306, Time: 00:09:25

Health: -7/56      AC: 15    Str: 14    XL:     6   Next: 69%
Magic:  7/7        EV:  4    Int: 14    God:    Lugonu [***...]
Gold:   233        SH:  0    Dex: 12    Spells: 0 memorised, 5 levels left

rFire  . . .     SeeInvis .     s - +0 war axe (elec)
rCold  + . .     Gourm    .     j - +0 plate armour
rNeg   . . .     Faith    .     (no shield)
rPois  .         Spirit   .     (helmet restricted)
rElec  .         Dismiss  .     l - +0 cloak
rCorr  .         Reflect  .     (no gloves)
SustAt .         Harm     .     (no boots)
MR     .....                    (no amulet)
Stlth  ..........               (no ring)
                                e - ring of protection from cold

@: slowed, very slow, not resistant to hostile enchantments, extremely
unstealthy
A: horns 1, iridescent scales 1, powered by pain 1
a: Depart the Abyss, Bend Space, Banish, Renounce Religion


You were on level 4 of the Dungeon.
You worshipped Lugonu.
Lugonu was most pleased with you.
You were hungry.

You visited 1 branch of the dungeon, and saw 4 of its levels.
You visited the Abyss 1 time.

You collected 233 gold pieces.

Inventory:

Hand Weapons
 a - a +1 hand axe
 d - a +0 dagger
 s - a +0 war axe of electrocution (weapon)
Armour
 b - a +0 leather armour
 h - a mottled dragon hide
 j - a +0 plate armour (worn)
 l - a +0 cloak (worn)
Jewellery
 e - a ring of protection from cold (left hand)
Wands
 f - a wand of lightning (6/15)
Scrolls
 k - a scroll of recharging
 n - 2 scrolls of identify
 p - 2 scrolls of fog
Potions
 r - a potion of might
 t - a potion of invisibility {unknown}
Comestibles
 c - a royal jelly
 g - 6 fruits
 i - 2 bread rations
 m - a beef jerky
 o - 2 meat rations


   Skills:
 + Level 7.6 Fighting
 - Level 1.7 Axes
 - Level 1.7 Armour
 - Level 0.8 Dodging
 - Level 2.4 Invocations


You had 5 spell levels left.
You didn't know any spells.

Dungeon Overview and Level Annotations

Branches:
Dungeon (4/15)
 Temple: D:4-7

Altars:
Ashenzari
Cheibriados
Kikubaaqudgha
Qazlal
Ru
Xom


Innate Abilities, Weirdness & Mutations

You have a pair of small horns on your head.
You are partially covered in iridescent scales (AC +4).
You sometimes gain a little power by taking damage.


Message History

The orc priest miscasts a cantrip.
The orc priest hits you with a short sword.
You hit the orc priest.
The orc priest is lightly wounded.
The orc priest hits you but does no damage.
The orc priest miscasts a cantrip.
Your plate armour prevents you from hitting the orc priest.
The orc priest is lightly wounded.
The orc priest calls down the wrath of Beogh upon you.
Beogh smites you!
* * * LOW HITPOINT WARNING * * *
The orc priest calls down the wrath of Beogh upon you.
Beogh smites you!
* * * LOW HITPOINT WARNING * * *
Read which item? (? for menu, Esc to quit)
As you read the scroll of fog, it crumbles to dust.
The scroll dissolves into smoke.
The orc priest mumbles some strange prayers to Beogh against you.
Beogh smites you!
You die...

.... .... #...# ###...####
#........ #.#...#.# ### #.
#.#...#.####
..###.######.#.§..§...#
#.# ..._..##. #o§.#
#.#.#.#...##.###@§.##.#
......#.#.##.[§§§§.)......
#.# #.....##.§..§§...####
#.#.##....###...........
..#...................#.#
######.#########...##.# .#
#.....# #...# .# # #.#.#.#
.>.....# #.#.#.### #####


You could see an orc priest.

Vanquished Creatures
  A scorpion (D:3)
  3 wights (D:3)
  An orc priest (D:4)
  An orc wizard (D:4)
  An iguana (D:4)
  A worker ant (D:4)
  6 adders
  An ooze (D:3)
  An adder skeleton (D:4)
  2 worms (D:3)
  2 dart slugs
  4 giant geckos
  11 orcs
  4 giant cockroaches
  4 hobgoblins
  11 jackals
  7 kobolds
  2 quokkas (D:3)
  4 bats
  2 giant newts (D:1)
  7 goblins
76 creatures vanquished.

Notes
Turn   | Place    | Note
--------------------------------------------------------------
     0 | Abyss:1  | tyranidshit the Demonspawn Abyssal Knight began the quest for the Orb.
     0 | Abyss:1  | Reached XP level 1. HP: 18/18 MP: 2/2
    86 | Abyss:2  | Noticed a starcursed mass
    91 | Abyss:2  | Noticed a small abomination
   103 | D:1      | Escaped the Abyss
   442 | D:1      | Gained mutation: You sometimes gain a little power by taking damage. [demonic ancestry]
   442 | D:1      | Reached XP level 2. HP: 14/24 MP: 3/3
   797 | D:1      | Reached * piety under Lugonu
   836 | D:2      | Reached skill level 4 in Fighting
   848 | D:2      | Gained mutation: You have a pair of small horns on your head. [demonic ancestry]
   848 | D:2      | Reached XP level 3. HP: 22/30 MP: 4/4
  1275 | D:2      | Found a snail-covered altar of Cheibriados.
  1441 | D:3      | Gained mutation: You are partially covered in iridescent scales (AC +4). [demonic ancestry]
  1441 | D:3      | Reached XP level 4. HP: 38/38 MP: 5/5
  1446 | D:3      | Reached skill level 5 in Fighting
  1517 | D:3      | Reached skill level 6 in Fighting
  1517 | D:3      | Reached XP level 5. HP: 46/46 MP: 6/6
  1595 | D:3      | Reached ** piety under Lugonu
  1597 | D:3      | Reached XP level 6. HP: 14/53 MP: 7/7
  1623 | D:3      | Found an ancient bone altar of Kikubaaqudgha.
  1722 | D:3      | Found a shimmering altar of Xom.
  1753 | D:3      | Found a sacrificial altar of Ru.
  1782 | D:3      | Found a stormy altar of Qazlal.
  2134 | D:4      | Reached skill level 7 in Fighting
  2260 | D:4      | Found a shattered altar of Ashenzari.
  2289 | D:4      | Reached *** piety under Lugonu
  2305 | D:4      | HP: 2/56 [orc priest/divine providence (13)]
  2306 | D:4      | Killed from afar by an orc priest

Skill      XL: |  1  2  3  4  5  6 |
---------------+-------------------+-----
Fighting       | 4 6 7 |  7.6
Axes           | |  1.7
Armour         | |  1.7
Dodging        | |  0.8
Invocations    | |  2.4

Action                   |  1- 3 |  4- 6 || total
-------------------------+-------+-------++-------
Melee: Hand axe          |    84 |   111 ||   195
       Headbutt          |     8 |    21 ||    29
       War axe           |       |    33 ||    33
Invok: Depart the Abyss  |     1 |       ||     1
Evoke: Wand              |     1 |     7 ||     8
  Use: Scroll            |     5 |     4 ||     9
       Potion            |     4 |     4 ||     8
  Eat: Bread ration      |     1 |       ||     1
Armor: Leather armour    |    21 |       ||    21
       Plate armour      |    28 |   117 ||   145
Dodge: Dodged            |    45 |    29 ||    74
